AoeStats
← 流光

Arena

507502442Analyzed
4v4 RM · 14d ago on Sep 18, 2026· 65m 36s· 8 players
Game mode
Random Map
Map size
Large (8 player)
Population
200
Speed
Normal
Resources
Standard
Victory
Conquest
Starting age
Dark Age
Ending age
Imperial Age
RankedLock teamsTeams togetherTeam positionsShared explorationLock speedFull tech treeHidden civsTurbo modeCheats
Victory
Defeat
🇨🇳 Persians · China
1365
+12
🇨🇳 Burgundians · China
1343
+13
🇨🇳 Poles · China
1342
+13
🇨🇳 Chinese · China
968
+77
🇪🇸 Khmer · Spain
1287
-17
🇨🇳 Persians · China
1264
-16
🇨🇳 Koreans · China
1264
-16
🇲🇽 Malians · Mexico
1257
-16
Cdeleon
10:26 Feudal Age
14:26 Castle Age
12:47 Double-Bit Axe
13:22 Loom
17:14 Horse Collar
22:43 Scale Mail Armor
26:24 Forging
28:04 Chain Mail Armor
32:57 Imperial Age
31:32 Iron Casting
33:10 Gold Mining
34:13 Plate Mail Armor
35:17 Wheelbarrow
38:04 Bow Saw
37:57 Squires
37:18 Pikeman
40:17 Conscription
40:30 Town Watch
41:04 Hand Cart
41:17 Elite Gbeto
43:39 Man-at-Arms
44:46 Arson
45:23 Long Swordsman
47:56 Capped Ram
48:50 Two-Handed Swordsman
52:17 Fletching
53:15 Champion
Leopard
10:01 Feudal Age
13:40 Castle Age
12:09 Double-Bit Axe
12:42 Horse Collar
14:47 Bow Saw
16:38 Loom
18:24 Heavy Plow
20:02 Wheelbarrow
21:18 Gold Mining
22:59 Hand Cart
24:17 Stone Mining
27:49 Imperial Age
25:39 Bloodlines
25:54 Husbandry
26:53 Scale Barding Armor
27:36 Forging
28:39 Chain Barding Armor
29:15 Gold Shaft Mining
28:28 Cavalier
30:34 Plate Barding Armor
30:26 Conscription
30:24 Capped Ram
32:14 Iron Casting
31:08 Light Cavalry
32:45 Hussar
34:46 Blast Furnace
36:01 Heavy Scorpion
38:26 Ballistics
38:01 Fletching
39:58 Murder Holes
39:59 Bodkin Arrow
41:08 Chemistry
41:06 Double Crossbow
41:15 Siege Engineers
42:36 Bracer
44:23 Masonry
46:52 Town Watch
49:54 Siege Ram
大梦谁先觉
11:52 Feudal Age
14:48 Loom
17:19 Castle Age
15:50 Double-Bit Axe
17:09 Loom
19:35 Bow Saw
20:34 Horse Collar
23:57 Wheelbarrow
25:04 Heavy Plow
26:36 Town Watch
31:13 Imperial Age
29:28 Hand Cart
32:43 Squires
32:04 Elite Fire Lancer
33:08 Forging
32:58 Scale Mail Armor
33:38 Gold Mining
34:39 Iron Casting
34:55 Chain Mail Armor
45:40 Pikeman
52:11 Halberdier
57:09 Fletching
不就压个堡
10:23 Feudal Age
13:59 Castle Age
12:26 Double-Bit Axe
12:24 Horse Collar
21:26 Bloodlines
21:57 Heavy Plow
22:10 Bow Saw
24:02 Forging
25:29 Wheelbarrow
25:35 Heavy Plow
26:39 Scale Barding Armor
27:17 Iron Casting
26:57 Gold Mining
27:33 Hand Cart
27:40 Husbandry
28:01 Chain Barding Armor
30:24 Loom
33:48 Imperial Age
32:06 Town Watch
33:02 Gold Shaft Mining
34:54 Heavy Camel Rider
44:26 Blast Furnace
61:26 Crop Rotation
61:57 Cavalier
63:12 Stone Mining
流光
11:16 Feudal Age
14:56 Castle Age
13:16 Horse Collar
13:32 Double-Bit Axe
16:25 Bow Saw
17:05 Loom
20:33 Wheelbarrow
21:10 Heavy Plow
21:32 Stone Mining
23:09 Scale Barding Armor
24:27 Bloodlines
24:17 Husbandry
25:44 Gold Mining
26:37 Hand Cart
29:43 Imperial Age
28:35 Gold Shaft Mining
28:37 Stone Shaft Mining
28:44 Stone Shaft Mining
28:37 Forging
29:30 Chain Barding Armor
29:20 Town Watch
29:49 Cavalier
31:31 Plate Barding Armor
32:36 Heavy Camel Rider
34:12 Iron Casting
36:41 Blast Furnace
37:35 Town Patrol
41:26 Conscription
45:53 Chemistry
44:38 Light Cavalry
45:26 Hussar
46:44 Savar
极地沙尘暴
11:03 Feudal Age
11:35 Horse Collar
15:11 Castle Age
13:43 Double-Bit Axe
16:19 Bow Saw
16:13 Heavy Plow
23:09 Wheelbarrow
26:57 Imperial Age
25:05 Scale Barding Armor
24:57 Loom
25:29 Hand Cart
26:19 Szlachta Privileges
26:39 Chain Barding Armor
26:30 Forging
26:51 Bloodlines
27:47 Iron Casting
28:19 Conscription
27:34 Cavalier
28:14 Husbandry
30:09 Blast Furnace
39:19 Crop Rotation
43:39 Coinage
43:15 Scale Mail Armor
43:05 Fletching
45:32 Banking
51:14 Chain Mail Armor
50:54 Bodkin Arrow
54:45 Chemistry
54:05 Ballistics
53:23 Light Cavalry
56:03 Lechitic Legacy
56:06 Fortified Wall
58:12 Bracer
58:43 Plate Mail Armor
62:55 Plate Mail Armor
62:30 Gold Mining
62:58 Winged Hussar
64:16 Hoardings
剃刀割猪头
4:21 Double-Bit Axe
10:42 Feudal Age
9:19 Horse Collar
16:37 Castle Age
16:06 Bow Saw
17:19 Husbandry
17:59 Heavy Plow
18:40 Forging
19:37 Gold Mining
21:04 Scale Mail Armor
20:26 Pikeman
21:07 Squires
23:55 Wheelbarrow
26:09 Stone Mining
27:17 Chain Mail Armor
27:54 Gold Shaft Mining
30:28 Two-Man Saw
29:40 Loom
30:11 Hand Cart
31:01 Arson
32:24 Crop Rotation
36:32 Imperial Age
35:17 Iron Casting
36:07 Town Watch
37:52 Plate Mail Armor
36:55 Capped Ram
37:43 Burgundian Vineyards
38:06 Conscription
39:48 Blast Furnace
40:37 Hoardings
42:15 Fletching
43:29 Chemistry
42:51 Ballistics
42:42 Masonry
42:27 Murder Holes
42:43 Fortified Wall
47:02 Architecture
49:52 Bodkin Arrow
50:07 Town Patrol
56:22 Bracer
56:22 Padded Archer Armor
59:18 Fervor
59:36 Leather Archer Armor
59:04 Treadmill Crane
59:18 Guard Tower
63:26 Coinage
65:05 Sanctity
通共大将军
12:45 Feudal Age
14:57 Double-Bit Axe
18:43 Castle Age
34:36 Pikeman
35:15 Loom
35:25 Horse Collar
40:32 Bow Saw
43:35 Scale Mail Armor
43:45 Forging
47:37 Heavy Plow
48:10 Fletching
48:21 Padded Archer Armor
49:00 Iron Casting
48:41 Chain Mail Armor
58:11 Imperial Age
58:37 Halberdier
61:57 Plate Mail Armor
63:48 Blast Furnace
Connection lost

Rejoining the realm…

Still unreachable

The connection could not be restored.

Session expired

The server has moved on; the page needs a fresh start.